 Dungeon Crawl Stone Soup version 0.30-a0-782-ge64f9170bb (webtiles) character file.

Game seed: 2744951178947488782

3285 Barriton the Destroyer (level 9, -3/68 HPs)
             Began as a Black Draconian Conjurer on Feb 20, 2023.
             Was a Priest of Lugonu.
             Killed themself with a badly aimed orb of electricity (7 damage)
             ... on level 8 of the Dungeon.
             The game lasted 00:21:26 (7859 turns).

Barriton the Destroyer (Black Draconian Conjurer)   Turns: 7859, Time: 00:21:26

Health: -3/68      AC: 12    Str:  9    XL:     9   Next: 69%
Magic:  15/20      EV: 17    Int: 23    God:    Lugonu [***...]
Gold:   521        SH:  0    Dex: 10    Spells: 13/23 levels left

rFire   . . .      SeeInvis .    r - staff of poison
rCold   . . .      Faith    .    (no shield)
rNeg    . . .      Spirit   .    (body armour unavailable)
rPois   +          Reflect  .    (helmet restricted)
rElec   +          Harm     .    p - +0 cloak
rCorr   .          Rampage  ∞    (no gloves)
Will    .....      Rnd*Tele +    h - +3 pair of seven-league boots {Rampage+∞}
Stlth   ++                       v - amulet of regeneration
HPRegen 1.11/turn                q - +5 ring of evasion
MPRegen 0.17/turn                d - ring of wizardry

@: flying
A: breathe lightning, AC +7, unfitting armour, electricity resistance,
cold-blooded, big wings, claws 1, teleportitis 1
a: Breathe Lightning, Renounce Religion, Depart the Abyss, Banish


You were on level 8 of the Dungeon.
You worshipped Lugonu.
Lugonu was most pleased with you.
You visited 1 branch of the dungeon, and saw 9 of its levels.

You collected 521 gold pieces.

Inventory:

Hand Weapons
 j - a +5 spectral dagger
Armour
 h - the +3 pair of seven-league boots (worn) {Rampage+∞}
   (You acquired it on level 1 of the Dungeon)

   Rampage+∞: When moving toward enemies, its wearer moves as far as possible.
 p - a +0 cloak (worn)
Magical Staves
 l - a staff of earth
 r - a staff of poison (weapon)
Jewellery
 c - a ring of ice
 d - a ring of wizardry (right claw)
 n - an amulet of faith
 q - a +5 ring of evasion (left claw)
 s - a +6 ring of strength
 t - a +6 ring of intelligence
 v - an amulet of regeneration (around neck)
Scrolls
 i - a scroll of teleportation
 u - a scroll of fear
Potions
 b - 2 potions of curing
 e - a potion of flight
 f - 2 potions of attraction
 g - 3 potions of ambrosia
 k - 4 potions of brilliance
 m - 3 potions of degeneration
 o - 2 potions of might
 x - a potion of lignification {unknown}


   Skills:
 + Level 2.6 Fighting
 - Level 0.3 Short Blades
 - Level 0.1 Staves
 - Level 1.8 Dodging
 - Level 2.0 Stealth
 - Level 0.2 Unarmed Combat
 + Level 7.5 Spellcasting
 * Level 10.1 Conjurations
 + Level 2.8 Necromancy
 * Level 5.6 Air Magic


You had 13 spell levels left.
You knew the following spells:

 Your Spells              Type           Power      Damage    Failure   Level
a - Magic Dart            Conj           100%       1d8       1%          1
b - Searing Ray           Conj           100%       2d8       1%          2
c - Shock                 Conj/Air       100%       1d9       1%          1
d - Necrotise             Necr           84%        1d8       1%          1
e - Lightning Bolt        Conj/Air       22%        1d37      3%          5

Your spell library contained the following spells:

 Spells                   Type           Power      Damage    Failure   Level
 Dazzling Flash           Conj/Hex       62%        N/A       1%          3
 Vampiric Draining        Necr           21%        2d7       2%          3
 Airstrike                Air            17%        2d(3-19)  3%          4
 Fulminant Prism          Conj/Hex       15%        3d10      3%          4
 Iskenderun's Mystic Bla  Conj/Tloc      31%        2d8       3%          4
 Lesser Beckoning         Tloc           16%        N/A       4%          2
 Gell's Gravitas          Tloc           8%         N/A       9%          3
 Teleport Other           Tloc           8%         N/A       9%          3
 Summon Lightning Spire   Summ/Air       21%        N/A       9%          4
 Agony                    Necr           21%        N/A       26%         5


Dungeon Overview and Level Annotations

Branches:
Dungeon (9/15)             Temple (0/1) D:5
   Lair: D:8-11         Orc: D:9-12

Altars:
Gozag
Zin
Lugonu


Innate Abilities, Weirdness & Mutations

You can breathe wild blasts of lightning.
Your glossy black scales are hard. (AC +7)
You cannot fit into any form of body armour.
You are resistant to electric shocks. (rElec)
You are cold-blooded and may be slowed by cold attacks.
Your large and strong wings let you fly.
You have sharp fingernails.
You are occasionally teleported next to monsters.


Message History

The orc warrior hits you with a +0 battleaxe!
* * * LOW HITPOINT WARNING * * *
The killer bee closely misses you. The killer bee misses you.
The killer bee attacks as you move away!
The killer bee closely misses you.
The killer bee stings you but does no damage.
The killer bee misses you. The killer bee completely misses you.
The killer bee closely misses you.
The killer bee stings you but does no damage.
The killer bee barely misses you. The killer bee closely misses you.
The killer bee barely misses you. The killer bee misses you.
The killer bee stings you but does no damage.
The killer bee closely misses you. The killer bee misses you.
The killer bee attacks as you move away!
The killer bee misses you. The killer bee completely misses you.
The killer bee stings you!
* * * LOW HITPOINT WARNING * * *
The killer bee misses you.
Casting: Searing Ray (safe; 1% risk of failure)
Confirm with . or Enter, or press ? or * to list all spells.
Aiming: Lightning Bolt (dangerous; 3% risk of failure)
Press: ? - help, Shift-Dir - straight line, f - orc warrior
Aim: an orc warrior, wielding a +0 battleaxe and wearing a +0 plate armour (lightly wounded, 64% to hit)
The bolt of lightning hits the killer bee!!!
You kill the killer bee!
Lugonu accepts your kill.
The bolt of lightning misses the orc warrior.
You hear an angry buzzing noise. x2
The killer bee barely misses you. The killer bee closely misses you.
The killer bee stings you but does no damage.
The killer bee closely misses you.
Okay, then.
Activating: Breathe Lightning (4% risk of failure)
Press: ? - help, Dir - look around, f - activate You breathe a wild blast of lightning!
The orb of electricity explodes!
The orb of electricity engulfs the killer bee!!
You kill the killer bee!
Lugonu accepts your kill. The orb of electricity engulfs you! You resist.
You die...

................#.).##
................##...#
.......#.........###..##
...#..............###...
#..#.............)##..##
#......(...........).#
##.....#####........#.
##...y## #.[.........
##.@.o####..........
#.....#............
#.#...........##..#
##.#......>....#####
#...<.##y....###
#..#.##.......#
##..#.......###
##.##..##.## ## #######


You could see an orc warrior and 2 killer bees.

Vanquished Creatures
  A two-headed ogre (D:7)
  A steam dragon (D:7)
  2 sky beasts (D:7)
  2 ice beasts (D:6)
  2 orc warriors
  2 black bears
  2 ogres
  A centaur (D:6)
  A kobold brigand (D:6)
  3 scorpions
  2 bullfrogs
  2 necrophages (D:4)
  2 killer bees (D:8)
  8 howler monkeys
  2 hounds (D:6)
  3 jellies
  5 orc priests
  Crazy Yiuf (D:5)
  A gnoll bouda (D:7)
  3 orc wizards
  4 iguanas
  9 adders
  4 gnolls (D:7)
  2 shadow imps
  2 ufetubi
  A worm (D:4)
  3 dart slugs
  20 orcs
  2 endoplasms
  3 giant cockroaches
  3 goblins
  5 hobgoblins
  9 jackals
  4 quokkas
  6 ball pythons
  2 bats
  A frilled lizard (D:1)
  10 kobolds
  3 rats
139 creatures vanquished.

Vanquished Creatures (others)
  6 plants
6 creatures vanquished.

Grand Total: 145 creatures vanquished

Notes
Turn   | Place    | Note
-------+----------+-------------------------------------------
     0 | D:1      | Barriton the Draconian Conjurer began the quest for the
                  | Orb.
     0 | D:1      | Reached XP level 1. HP: 14/14 MP: 3/3
   186 | D:1      | Found a faded altar of an unknown god.
   193 | D:1      | Prayed at the altar of an unknown god.
   193 | D:1      | Became a worshipper of Lugonu the Unformed
   193 | D:1      | Reached * piety under Lugonu
   223 | D:1      | Reached XP level 2. HP: 14/20 MP: 1/5
   269 | D:1      | Got Plato's Vademecum on Voltage
   891 | D:1      | Identified a scroll of acquirement
   891 | D:1      | Acquired the +3 pair of seven-league boots {Rampage+∞}
   891 | D:1      | Found the +3 pair of seven-league boots {Rampage+∞}
   941 | D:2      | Reached XP level 3. HP: 26/26 MP: 1/6
  1361 | D:2      | Found an opulent altar of Gozag.
  2029 | D:3      | Reached skill level 5 in Conjurations
  2058 | D:3      | Reached XP level 4. HP: 32/34 MP: 1/7
  2063 | D:3      | Learned a level 2 spell: Searing Ray
  2065 | D:3      | Learned a level 1 spell: Shock
  2275 | D:3      | Noticed a scorpion
  2296 | D:3      | Killed a scorpion
  2297 | D:3      | Reached XP level 5. HP: 39/39 MP: 0/9
  2664 | D:3      | Gained mutation: You are occasionally teleported next to
                  | monsters. [potion of mutation]
  2664 | D:3      | Gained mutation: You have sharp fingernails. [potion of
                  | mutation]
  2664 | D:3      | Gained mutation: Your large and strong wings let you fly.
                  | [potion of mutation]
  2832 | D:4      | Reached skill level 6 in Conjurations
  2874 | D:4      | Reached ** piety under Lugonu
  2936 | D:4      | Reached XP level 6. HP: 39/46 MP: 4/10
  3100 | D:4      | Learned a level 1 spell: Necrotise
  3255 | D:4      | Reached skill level 1 in Fighting
  3691 | D:5      | Entered Level 5 of the Dungeon
  3873 | D:5      | Reached skill level 7 in Conjurations
  3873 | D:5      | Your scales start taking on a glossy black colour.
  3873 | D:5      | Reached XP level 7. HP: 52/52 MP: 7/13
  3873 | D:5      | Gained mutation: You are resistant to electric shocks.
                  | (rElec) [Black Draconian growth]
  4032 | D:5      | Reached skill level 1 in Necromancy
  4032 | D:5      | Reached skill level 1 in Air Magic
  4299 | D:5      | Found a staircase to the Ecumenical Temple.
  4415 | D:5      | Found a runed translucent door.
  4416 | D:5      | Noticed Crazy Yiuf
  4533 | D:5      | Killed Crazy Yiuf
  4875 | D:6      | Reached skill level 5 in Spellcasting
  4898 | D:6      | Reached XP level 8. HP: 59/59 MP: 5/15
  5065 | D:6      | Reached skill level 8 in Conjurations
  5542 | D:6      | Found a glowing silver altar of Zin.
  6345 | D:7      | Reached *** piety under Lugonu
  6478 | D:7      | Learned a level 5 spell: Lightning Bolt
  6789 | D:7      | Reached XP level 9. HP: 67/67 MP: 12/18
  6926 | D:7      | Noticed a two-headed ogre
  6931 | D:7      | Killed a two-headed ogre
  6932 | D:7      | Reached skill level 9 in Conjurations
  7022 | D:7      | Reached skill level 5 in Air Magic
  7804 | D:8      | Reached skill level 10 in Conjurations
  7851 | D:8      | HP: 2/68 [orc warrior/+0 battleaxe (11)]
  7857 | D:8      | HP: 3/68 [killer bee (7)]
  7859 | D:8      | Killed themself with a badly aimed orb of electricity

Illustrated notes

Levels and vault maps discovered:
D:1:      lightli_arrival_isolated_outpost, layout_basic,
          shapermc_ecumenical_altar_rom_forum
D:2:      layout_rooms, basic_altar, serial_forest, infiniplex_forest_zigzag_1,
          infiniplex_forest_end_1, infiniplex_forest_zigzag_1,
          infiniplex_forest_clump_C, infiniplex_forest_lined_2,
          infiniplex_forest_lined_room_
D:3:      layout_basic, amcnicky_mini_pool_small, st_stairs_2,
          serial_bayou_pond_b
D:4:      layout_basic, kennysheep_generic_room_2
D:5:      layout_cave_pools, minmay_temple_entry_ruins, uniq_crazy_yiuf_cottage
D:6:      layout_cave_pools, mainiacjoe_overflow_small_starburst
D:7:      layout_basic, serial_bayou_pond_a, corner_web_ring
D:8:      layout_cave_pools
D:9:      layout_irregular_city, hangedman_decor_clover_reticule, uniq_pikel,
          uniq_erolcha

Skill      XL: |  1  2  3  4  5  6  7  8  9 |
---------------+----------------------------+-----
Stealth        | 2 |  2.0
Conjurations   | 5 6 7 8 10 | 10.1
Spellcasting   | 3 4 5 6 7 |  7.5
Fighting       | 1 2 |  2.6
Necromancy     | 1 2 |  2.8
Air Magic      | 2 4 5 |  5.6
Short Blades   | |  0.3
Staves         | |  0.1
Dodging        | |  1.8
Unarmed Combat | |  0.2

Action                     |  1- 3 |  4- 6 |  7- 9 || total
---------------------------+-------+-------+-------++-------
  Melee: Unarmed           |    62 |    24 |       ||    86
         Tailslap          |     9 |     4 |    17 ||    30
         Punch             |     2 |       |     3 ||     5
         Dagger            |       |    15 |       ||    15
         Staff             |       |     7 |   146 ||   153
   Cast: Magic Dart        |    64 |    60 |   138 ||   262
         Searing Ray       |       |    11 |    34 ||    45
         Necrotise         |       |     7 |     9 ||    16
         Shock             |       |       |     2 ||     2
         Lightning Bolt    |       |       |    19 ||    19
Ability: Breathe Lightning |       |       |     1 ||     1
    Use: Scroll            |     8 |     4 |     7 ||    19
         Potion            |       |     2 |     4 ||     6
 Armour: Skin              |    28 |    34 |   101 ||   163
  Dodge: Dodged            |    57 |    39 |   361 ||   457

Table legend: (Time is in decaauts)
 A = Elapsed time spent in this place.
 B = Non-inter-level travel time spent in this place.
 C = Inter-level travel time spent in this place.
 D = Time resting spent in this place.
 E = Time spent auto-exploring this place.
 F = Levels seen in this place.
 G = Mean time per level.
                   A        B        C        D        E       F      G
               +--------+--------+--------+--------+--------+-----+--------+
         Total |   7897 |   7718 |    179 |    200 |   6052 |   9 |  877.4 |
       Dungeon |   7897 |   7718 |    179 |    200 |   6052 |   9 |  877.4 |
               +--------+--------+--------+--------+--------+-----+--------+

Top non-repeatable levels by time:
     D:7: 1568 daAuts
     D:6: 1191 daAuts
     D:5: 1148 daAuts
     D:4: 1015 daAuts
     D:1: 936 daAuts
     D:2: 902 daAuts
     D:3: 842 daAuts
     D:8: 217 daAuts
     D:9: 75 daAuts
